 Dungeon Crawl Stone Soup version 0.32-a0-683-ge26c5dbc97 (webtiles) character file.

Game seed: 15589109342420590622

10099 Ajdolov the Basher (level 11, -7/80 (92) HPs)
             Began as a Mountain Dwarf Fighter on Mar 12, 2024.
             Was a Follower of Uskayaw.
             Mangled by a spectral orc knight
             ... wielding a +0 halberd
             ... summoned by Nergalle
              (14 damage)
             ... on level 10 of the Dungeon on Mar 13, 2024.
             The game lasted 00:22:43 (10192 turns).

Ajdolov the Basher (Mountain Dwarf Fighter)        Turns: 10192, Time: 00:22:44

HP:   -7/80 (92)    AC: 14    Str: 29    XL:     11   Next: 31%
MP:   18/18         EV:  7    Int: 11    God:    Uskayaw [*.....]
Gold: 2109          SH:  0    Dex:  5    Spells: 10/10 levels left

rFire   + + .        K - +9 battleaxe of Quis {venom, rF+ Will+ Int+2 Dex-4}
rCold   . . .        (shield currently unavailable)
rNeg    . . .        S - +2 plate armour {rF+}
rPois   +            R - +0 hat {Stlth+}
rElec   .            l - scarf {+Inv}
rCorr   .            (no gloves)
SInv    .            v - +0 pair of boots
Will    ++...        (no amulet) Stlth
                     i - +6 ring of strength
HPRegen 0.33/turn    y - ring of poison resistance
MPRegen 0.16/turn

%: no passive effects
@: heavily drained
A: runic magic, artefact enchanting
a: Renounce Religion, Evoke Invisibility, Stomp


You were on level 10 of the Dungeon.
You worshipped Uskayaw.
Uskayaw was aware of your devotion.
You visited 2 branches of the dungeon, and saw 11 of its levels.
You also visited: Bailey.

You collected 2109 gold pieces.

Inventory:

Hand Weapons
 x - a +5 flail of protection
 K - the +9 battleaxe of Quis (weapon) {venom, rF+ Will+ Int+2 Dex-4}
   (You took it off an orc on level 8 of the Dungeon)

   Int+2:     It affects your intelligence (+2).
   Dex-4:     It affects your dexterity (-4).
   rF+:       It protects you from fire.
   Will+:     It increases your willpower.
Missiles
 B - 19 boomerangs (quivered)
 C - 15 curare-tipped darts
 D - 35 poisoned darts
 E - 4 atropa-tipped darts
 F - 4 datura-tipped darts
 P - a throwing net
Armour
 c - a +0 buckler
 l - a scarf of invisibility (worn)
 v - a +0 pair of boots (worn)
 R - a +0 hat of stealth (worn)
 S - a +2 plate armour of fire resistance (worn)
Jewellery
 i - a +6 ring of strength (left hand)
 y - a ring of poison resistance (right hand)
 A - a ring of fire
 I - a ring of protection from cold
Wands
 w - a wand of flame (17)
 H - a wand of roots (11)
 M - a wand of mindburst (4)
Scrolls
 a - a scroll of brand weapon
 e - a scroll of amnesia
 f - 2 scrolls of teleportation {unknown}
 g - 2 scrolls of enchant armour {unknown}
 o - 3 scrolls of poison
 p - a scroll of vulnerability {unknown}
 q - a scroll of revelation {unknown}
 r - a scroll of torment {unknown}
 s - 3 scrolls of enchant weapon
 u - 2 scrolls of blinking {unknown}
 G - a scroll of fear {unknown}
 O - a scroll of summoning {unknown}
Potions
 b - a potion of magic {unknown}
 h - a potion of brilliance
 j - 4 potions of curing
 k - 2 potions of mutation {unknown}
 m - a potion of heal wounds
 n - 2 potions of attraction {unknown}
 t - 2 potions of cancellation {unknown}
 z - 3 potions of berserk rage {unknown}
 J - a potion of might
 L - a potion of haste {unknown}
 N - a potion of degeneration {unknown}
 Q - a potion of resistance {unknown}


   Skills:
 + Level 7.1 Fighting
 * Level 10.4(13.6) Axes
 - Level 14.0(15.3) Maces & Flails
 - Level 3.2 Armour
 - Level 3.2 Shields
 + Level 9.4 Invocations
 - Level 5.0 Evocations


You had 10 spell levels left.
You didn't know any spells.
Your spell library contained the following spells:

 Spells                   Type           Power      Damage    Failure   Level
 Foxfire                  Conj/Fire      0%         2x1d4     54%         1
 Necrotise                Necr           0%         1d4       54%         1
 Blink                    Tloc           0%         N/A       67%         2
 Call Imp                 Summ           0%         N/A       67%         2
 Lesser Beckoning         Tloc           0%         N/A       67%         2
 Momentum Strike          Conj/Tloc      0%         3d8       67%         2
 Static Discharge         Conj/Air       0%         3-3/arc   67%         2
 Sublimation of Blood     Necr           0%         N/A       67%         2
 Hailstorm                Conj/Ice       0%         3d5       88%         3
 Sigil of Binding         Hex            0%         N/A       88%         3
 Summon Ice Beast         Ice/Summ       0%         N/A       88%         3
 Vampiric Draining        Necr           0%         2d6       88%         3
 Airstrike                Air            0%         2d(0-16)  99%         4
 Martyr's Knell           Necr/Summ      0%         N/A       99%         4
 Summon Lightning Spire   Summ/Air       0%         N/A       99%         4
 Curse of Agony           Necr           0%         N/A       100%        5
 Permafrost Eruption      Ice/Erth       0%         2x4d2     100%        6
 Plasma Beam              Fire/Air       0%         2x1d10    100%        6
 Sculpt Simulacrum        Ice/Alch       0%         N/A       100%        6
 Starburst                Conj/Fire      0%         6d3       100%        6
 Enfeeble                 Hex            0%         N/A       100%        7
 Ozocubu's Refrigeration  Ice            0%         4d7       100%        7
 Summon Hydra             Summ           0%         N/A       100%        7
 Polar Vortex             Ice            0%         N/A       100%        9


Dungeon Overview and Level Annotations

Branches:
Dungeon (10/15)            Temple (1/1) D:5             Orc (0/2) D:10
 Bailey (visited)
   Lair: D:8-11

Altars:
Ashenzari
Cheibriados
Dithmenos
Elyvilon
Fedhas
Gozag
Hepliaklqana
Kikubaaqudgha
Makhleb
Nemelex Xobeh
Okawaru
Qazlal
Ru
Sif Muna
Trog
Uskayaw
Vehumet
Wu Jian
Xom
Yredelemnul
Zin
The Shining One
Beogh

Annotations:
D:4 2 runed translucent doors, Mrcake's ghost, amateur SpAl
D:5 1 runed translucent door, Crazy Yiuf
D:6 1 runed translucent door, koorschki's ghost, novice DsSh
D:10 Nergalle


Innate Abilities, Weirdness & Mutations

Your spellcasting is much less encumbered by armour.
You can use scrolls of enchantment on lesser artefacts.


Message History

An elephant comes into view.
You feel better.
The elephant trumpets!
The bullfrog hits you.
* * * LOW HITPOINT WARNING * * *
The spectral orc warrior closely misses you.
The spectral orc warrior hits you but does no damage.
The spectral orc knight hits you but does no damage.
Nergalle casts a spell at the spectral orc knight.
The spectral orc knight seems to speed up.
The bullfrog closely misses you.
The spectral orc warrior hits you but does no damage.
You hear a bellow!
The bullfrog attacks as it pursues you!
The bullfrog hits you but does no damage.
You can no longer pass through a line of other dancers.
The bullfrog hits you.
* * * LOW HITPOINT WARNING * * *
The spectral orc knight attacks as it pursues you!
The spectral orc knight hits you from afar with a +0 halberd!
* * * LOW HITPOINT WARNING * * *
You feel much better. The bullfrog hits you.
The spectral orc knight hits you but does no damage.
The bullfrog hits you but does no damage.
The spectral orc warrior hits you from afar with a +0 trident!
You feel drained. The bullfrog barely misses you.
The spectral orc knight closely misses you.
The bullfrog hits you but does no damage.
The spectral orc knight barely misses you.
The bullfrog attacks as it pursues you! The bullfrog barely misses you.
The spectral orc knight attacks as it pursues you!
The spectral orc knight hits you from afar with a +0 halberd!!
* * * LOW HITPOINT WARNING * * *
You feel drained.
* * * LOW HITPOINT WARNING * * *
The bullfrog hits you but does no damage.
The spectral orc knight hits you from afar with a +0 halberd!
You die...
Your body falls in perfect tune with the rhythm.

#.#### #..# ####.))#
#..######
#.#..#.######.....<..
####..)[)).............
######.#...)#)####.#########
#...#ß.....)#)# #.#
#.>.'.........# #.#
#...#ß#.....### #.#
#######....@######..
#....F........
##.#.Z........ ###...######
#.#Z# ##..# ###.# #..o#
#.Z.#


You could see Nergalle, a spectral orc warrior (summoned), a spectral orc knight
(summoned, fast) and a bullfrog.

Vanquished Creatures
  Gastronok (D:9)
  Erolcha (D:9)
  A two-headed ogre (D:9)
  An unseen horror (D:10)
  A kobold demonologist (D:9)
  2 trolls (D:9)
  Prince Ribbit (D:6)
  A hornet (D:9)
  A wraith (D:9)
  A wyvern (D:9)
  8 yaks
  A steam dragon (D:9)
  Edmund (D:5)
  A water moccasin (D:7)
  An acid dragon (D:7)
  3 sky beasts
  A black bear (D:6)
  7 orc warriors
  An ice beast (D:6)
  2 centaurs
  8 bullfrogs
  11 kobold brigands
  4 scorpions
  10 howler monkeys
  A bombardier beetle (D:4)
  3 hounds
  3 jellies
  13 orc priests
  2 gnoll boudas
  4 iguanas
  13 orc wizards
  12 gnolls
  6 adders
  A white imp (D:8)
  2 ufetubi (D:5)
  4 dart slugs
  51 orcs
  13 ball pythons
  9 endoplasms
  2 giant cockroaches (D:1)
  8 goblins
  6 hobgoblins
  7 jackals
  3 quokkas
  3 bats
  5 frilled lizards
  20 kobolds
  6 rats
267 creatures vanquished.

Notes
Turn   | Place    | Note
-------+----------+-------------------------------------------
     0 | D:1      | Ajdolov the Mountain Dwarf Fighter began the quest for the
                  | Orb.
     0 | D:1      | Reached XP level 1. HP: 19/19 MP: 1/1
   265 | D:1      | Reached skill level 3 in Maces & Flails
   442 | D:1      | Found a faded altar of an unknown god.
   444 | D:1      | Reached XP level 2. HP: 26/26 MP: 2/2
  1204 | D:2      | Reached XP level 3. HP: 32/33 MP: 3/3
  1215 | D:2      | Reached skill level 4 in Maces & Flails
  2082 | D:3      | Reached XP level 4. HP: 40/40 MP: 4/4
  2349 | D:3      | Noticed an ogre
  2352 | D:3      | HP: 1/40 [ogre/+0 giant club (32)]
  2756 | D:3      | Found a shimmering blue altar of Sif Muna.
  2757 | D:3      | Found a hazy altar of Hepliaklqana.
  2759 | D:3      | Found an ornate altar of the Wu Jian Council.
  2840 | D:3      | Reached skill level 5 in Maces & Flails
  3126 | D:4      | Reached XP level 5. HP: 45/47 MP: 5/5
  3231 | D:4      | Found a runed translucent door.
  3231 | D:4      | Noticed Mrcake's ghost (amateur SpAl)
  3334 | D:4      | Found a runed translucent door.
  3360 | D:4      | Reached skill level 5 in Fighting
  3360 | D:4      | Reached skill level 6 in Maces & Flails
  3607 | D:4      | Reached XP level 6. HP: 52/56 MP: 6/6
  3748 | D:4      | Reached skill level 7 in Maces & Flails
  3893 | D:4      | Found an ancient bone altar of Kikubaaqudgha.
  4011 | D:4      | You fall into a shaft and drop 2 floors!
  4011 | D:6      | Found a runed translucent door.
  4036 | D:6      | Noticed koorschki's ghost (novice DsSh)
  4067 | D:6      | Noticed Prince Ribbit
  4083 | D:6      | Reached skill level 8 in Maces & Flails
  4091 | D:6      | Reached XP level 7. HP: 21/61 MP: 7/7
  4119 | D:6      | Killed Prince Ribbit
  4120 | D:6      | Reached skill level 9 in Maces & Flails
  4200 | D:5      | Entered Level 5 of the Dungeon
  4238 | D:5      | Noticed Edmund
  4281 | D:5      | Killed Edmund
  4282 | D:5      | Reached skill level 10 in Maces & Flails
  4374 | D:5      | Reached XP level 8. HP: 68/68 MP: 8/8
  4498 | D:5      | Found a staircase to the Ecumenical Temple.
  4512 | Temple   | Entered the Ecumenical Temple
  4547 | Temple   | Became a worshipper of Uskayaw the Reveller
  4600 | D:5      | Reached * piety under Uskayaw
  4601 | D:5      | Reached ** piety under Uskayaw
  4602 | D:5      | Reached skill level 11 in Maces & Flails
  4617 | D:5      | Reached skill level 1 in Invocations
  4623 | D:5      | Reached *** piety under Uskayaw
  5400 | D:5      | Found a runed translucent door.
  5401 | D:5      | Noticed Crazy Yiuf
  5688 | D:6      | Reached skill level 12 in Maces & Flails
  5688 | D:6      | Reached **** piety under Uskayaw
  5803 | D:6      | Found a glowing golden altar of the Shining One.
  6143 | D:7      | Found a flagged portal.
  6177 | Bailey   | Entered a bailey
  6219 | Bailey   | Reached ***** piety under Uskayaw
  6220 | Bailey   | Reached XP level 9. HP: 59/74 MP: 12/12
  6312 | Bailey   | Reached skill level 5 in Invocations
  6426 | Bailey   | Reached skill level 13 in Maces & Flails
  6668 | Bailey   | Found a bloodstained altar of Trog.
  6878 | D:7      | Reached skill level 14 in Maces & Flails
  7067 | D:8      | Reached skill level 1 in Evocations
  7191 | D:7      | Found a roughly hewn altar of Beogh.
  7487 | D:7      | Found a glowing silver altar of Zin.
  7697 | D:8      | Reached XP level 10. HP: 75/83 MP: 16/16
  7728 | D:8      | Got the Grimoire of Obstruction
  7750 | D:8      | Identified the +9 battleaxe of Quis {venom, rF+ Will+ Int+2
                  | Dex-4}
  7907 | D:8      | Reached skill level 1 in Axes
  8378 | D:9      | Reached skill level 5 in Evocations
  8413 | D:9      | Reached skill level 5 in Axes
  8508 | D:9      | Noticed a two-headed ogre
  8520 | D:9      | Killed a two-headed ogre
  8910 | D:9      | Noticed Erolcha
  8914 | D:9      | Killed Erolcha
  8915 | D:9      | Reached XP level 11. HP: 48/91 MP: 17/17
  9094 | D:9      | Paralysed by a hornet for 2 turns
  9401 | D:9      | Noticed Gastronok
  9425 | D:9      | Killed Gastronok
  9652 | D:10     | Entered Level 10 of the Dungeon
  9675 | D:10     | Reached skill level 10 in Axes
 10037 | D:10     | Found a staircase to the Orcish Mines.
 10175 | D:10     | Noticed Nergalle
 10192 | D:10     | Mangled by a spectral orc knight

Illustrated notes

Levels and vault maps discovered:
D:1:      nagdon_arrival_double_spiral, layout_basic,
          ebering_ecumenical_altar_rust, kennysheep_minor_cross, minmay_cut_off
D:2:      layout_basic, grunt_ministairs_4, nicolae_elevator_lobby_asterisk
D:3:      layout_rooms, nicolae_overflow_hidden_temple,
          hangedman_feature_mirror, kennysheep_potato
D:4:      layout_basic, nicolae_kikubaaqudgha_miasma_corner,
          ebering_ghost_sewer_f, chequers_serial_rivers_small_3
D:5:      layout_loops_ring, minmay_temple_entry_sparse_star, uniq_edmund,
          uniq_crazy_yiuf_cottage
D:6:      layout_cave_pools, mainiacjoe_overflow_chevrons,
          ebering_ghost_sewer_d, uniq_prince_ribbit1
D:7:      layout_cave_pools, zin_scriptorium, enter_bailey_4,
          david_defended_altar_orc
D:8:      layout_basic, minmay_misc_feat_chi, nicolae_kite_square_tiling_tiny
D:9:      layout_loops_ring, uniq_erolcha, uniq_gastronok
D:10:     layout_long_grid, grunt_lair_entry_orc_guard_hut, hiddenorc1_lemuel,
          serial_shops, shop, moated_statue, nzn_random_ring, uniq_maggie,
          uniq_nergalle
Temple:   kb_temple_of_zot

Skill      XL: |  1  2  3  4  5  6  7  8  9 10 11 |
---------------+----------------------------------+-----
Maces & Flails | 3 4 5 6 8 10 12 14 | 14.0
Fighting       | 4 5 6 7 |  7.1
Invocations    | 4 8 9 |  9.4
Evocations     | 2 5 |  5.0
Axes           | 9 10 | 10.4
Armour         | |  3.2
Shields        | |  3.2

Action                     |  1- 3 |  4- 6 |  7- 9 | 10-12 || total
---------------------------+-------+-------+-------+-------++-------
  Melee: Flail             |   138 |   180 |   328 |     5 ||   651
         Battleaxe         |       |       |       |   141 ||   141
  Throw: Dart              |       |       |     6 |     3 ||     9
    Use: Potion            |       |     4 |     4 |     3 ||    11
         Scroll            |       |     2 |     3 |       ||     5
   Stab: Paralysed         |       |       |    13 |     9 ||    22
 Armour: Scale mail        |    30 |       |       |       ||    30
         Chain mail        |    80 |    66 |       |       ||   146
         Plate armour      |       |   123 |   270 |   173 ||   566
  Dodge: Dodged            |    53 |    82 |    97 |    59 ||   291
  Block: Buckler           |    18 |    29 |    60 |     1 ||   108

Table legend: (Time is in decaauts)
 A = Elapsed time spent in this place.
 B = Non-inter-level travel time spent in this place.
 C = Inter-level travel time spent in this place.
 D = Time resting spent in this place.
 E = Time spent auto-exploring this place.
 F = Levels seen in this place.
 G = Mean time per level.
                   A        B        C        D        E       F      G
               +--------+--------+--------+--------+--------+-----+--------+
         Total |  10284 |   9862 |    422 |    884 |   6628 |  12 |  857.0 |
       Dungeon |   9682 |   9288 |    394 |    660 |   6565 |  10 |  968.2 |
        Temple |     64 |     36 |     28 |      0 |      0 |   1 |   64.0 |
        Bailey |    537 |    537 |      0 |    223 |     62 |   1 |  537.0 |
               +--------+--------+--------+--------+--------+-----+--------+

Top non-repeatable levels by time:
     D:9: 1535 daAuts
     D:1: 1227 daAuts
     D:5: 1164 daAuts
     D:4: 1028 daAuts
     D:2: 1017 daAuts
     D:3: 911 daAuts
     D:6: 772 daAuts
     D:8: 769 daAuts
     D:7: 713 daAuts
    D:10: 540 daAuts
  Bailey: 537 daAuts
  Temple: 64 daAuts
